 Dungeon Crawl Stone Soup version 0.30.0-29-ga12c61a403 (webtiles) character file.

Game seed: 807477642387070146

82193 slobbisto the Severer (level 15, -6/141 HPs)
             Began as a Minotaur Fighter on June 22, 2023.
             Was a High Priest of Okawaru.
             Mangled by Donald
             ... wielding a +1 demon trident of freezing
              (26 damage)
             ... on level 2 of the Spider Nest.
             The game lasted 01:42:16 (25170 turns).

slobbisto the Severer (Minotaur Fighter)           Turns: 25170, Time: 01:42:17

Health: -6/141     AC: 30    Str: 29    XL:     15   Next: 28%
Magic:  20/20      EV:  8    Int: 10    God:    Okawaru [*****.]
Gold:   2163       SH: 15    Dex: 16    Spells: 14/14 levels left

rFire   + . .        B - +4 broad axe (elec)
rCold   + + +        C - +1 kite shield {rC+}
rNeg    + . .        W - +2 plate armour {rF+}
rPois   +            Z - +2 hat
rElec   .            L - +2 cloak
rCorr   .            S - +2 pair of gloves {Str+3}
SInv    .            X - +1 pair of boots "Duifiuf" {rPois rC+}
Will    +....        (no amulet) Stlth
                     F - ring of Yfetis {rC++ rN+ Int+3}
HPRegen 0.43/turn    j - +6 ring of dexterity
MPRegen 0.17/turn

%: no passive effects
@: about to teleport
A: horns 2, retaliatory headbutt
a: Renounce Religion, Heroism, Finesse, Duel


You were on level 2 of the Spider Nest.
You worshipped Okawaru.
Okawaru was extremely pleased with you.
You visited 5 branches of the dungeon, and saw 20 of its levels.
You also visited: Bailey and Ice Cave.

You collected 2568 gold pieces.
You spent 405 gold pieces at shops.

Inventory:

Hand Weapons
 f - a +2 flail of protection
 B - a +4 broad axe of electrocution (weapon)
 U - a +0 broad axe of venom
Missiles
 l - 2 silver boomerangs
 y - 4 silver javelins
 D - 14 curare-tipped darts (quivered)
 G - 9 atropa-tipped darts
 J - 4 datura-tipped darts
 T - 10 boomerangs
Armour
 p - the +4 ring mail of Snakes and Ladders {Rampage rElec rCorr Dex+3}
   (Okawaru gifted it to you on level 2 of the Spider Nest)

   Dex:       It affects your dexterity (+3).
   rElec:     It insulates you from electricity.
   rCorr:     It protects you from acid and corrosion.
   Rampage:   It bestows one free step when moving towards enemies.
 C - a +1 kite shield of cold resistance (worn)
 E - the +0 plate armour "Realed" {rPois Slay+2}
   (Okawaru gifted it to you on level 4 of the Lair of Beasts)

   Slay:      It affects your accuracy & damage with ranged weapons and melee
   (+2).
   rPois:     It protects you from poison.
 L - a +2 cloak (worn)
 S - a +2 pair of gloves of strength (worn)
 W - a +2 plate armour of fire resistance (worn)
 X - the +1 pair of boots "Duifiuf" (worn) {rPois rC+}
   (You bought it in a shop on level 2 of the Orcish Mines)

   rC:        It protects you from cold.
   rPois:     It protects you from poison.
 Y - the +0 pair of boots "Jaentay" {rF+ rC+}
   (Okawaru gifted it to you on level 1 of the Spider Nest)

   rF:        It protects you from fire.
   rC:        It protects you from cold.
 Z - a +2 hat (worn)
Jewellery
 h - a ring of poison resistance
 j - a +6 ring of dexterity (right hand)
 F - the ring of Yfetis (left hand) {rC++ rN+ Int+3}
   (You took it off a kobold brigand in a bailey)

   [ring of positive energy]

   Int:       It affects your intelligence (+3).
   rC:        It greatly protects you from cold.
   rN:        It protects you from negative energy.
 N - a ring of positive energy
Wands
 r - a wand of flame (40)
 w - a wand of quicksilver (18)
Scrolls
 a - a scroll of identify
 b - a scroll of acquirement {unknown}
 g - 2 scrolls of torment {unknown}
 i - 2 scrolls of magic mapping
 k - 3 scrolls of noise {unknown}
 m - a scroll of enchant weapon {unknown}
 n - 12 scrolls of teleportation
 s - 3 scrolls of enchant armour
 x - 5 scrolls of fear
 A - 2 scrolls of poison {unknown}
 I - 2 scrolls of blinking
 K - 4 scrolls of brand weapon {unknown}
 O - 3 scrolls of immolation {unknown}
 Q - 2 scrolls of fog {unknown}
Potions
 c - a potion of cancellation
 d - 3 potions of might
 e - 9 potions of curing
 o - a potion of haste
 t - 4 potions of flight
 v - 2 potions of lignification
 z - 2 potions of invisibility
 H - 2 potions of berserk rage
 R - a potion of heal wounds


   Skills:
 + Level 15.0 Fighting
 - Level 18.0 Axes
 + Level 5.1 Throwing
 + Level 15.0 Armour
 + Level 15.0 Shields
 + Level 8.1 Invocations


You had 14 spell levels left.
You didn't know any spells.
Your spell library contained the following spells:

 Spells                   Type           Power      Damage    Failure   Level
 Magic Dart               Conj           0%         1d3       97%         1
 Sting                    Tmut/Pois      0%         1d3       97%         1
 Cigotuvi's Dreadful Rot  Necr/Pois/Air  0%         N/A       99%         2
 Lesser Beckoning         Tloc           0%         N/A       99%         2
 Poisonous Vapours        Pois/Air       0%         N/A       99%         2
 Static Discharge         Conj/Air       0%         2-2/arc   99%         2
 Gell's Gravitas          Tloc           0%         N/A       100%        3
 Mephitic Cloud           Conj/Pois/Air  0%         N/A       100%        3
 Teleport Other           Tloc           0%         N/A       100%        3
 Airstrike                Air            0%         2d(0-16)  100%        4
 Anguish                  Hex/Necr       0%         N/A       100%        4
 Cause Fear               Hex            0%         N/A       100%        4
 Dispel Undead            Necr           0%         3d6       100%        4
 Olgreb's Toxic Radiance  Pois           0%         N/A       100%        4
 Enfeeble                 Hex            0%         N/A       100%        7
 Call Imp                 Summ           Unusable   N/A       N/A         2
 Summon Lightning Spire   Summ/Air       Unusable   N/A       N/A         4
 Death Channel            Necr           Unusable   N/A       N/A         6

Dungeon Overview and Level Annotations

Branches:
Dungeon (10/15)            Temple (1/1) D:6            Lair (5/5) D:9
 Shoals (0/4) Lair:2       Spider (2/4) Lair:2        Slime (0/5) Lair:4
    Orc (2/2) D:9             Elf (0/3) Orc:2        Bailey (visited)
  IceCv (visited)

Altars:
Ashenzari
Cheibriados
Dithmenos
Elyvilon
Fedhas
Gozag
Hepliaklqana
Kikubaaqudgha
Makhleb
Nemelex Xobeh
Okawaru
Qazlal
Ru
Sif Muna
Trog
Vehumet
Wu Jian
Xom
Yredelemnul
Zin
Jiyva

Shops:
D:5 *   D:7 !   Orc:1 ?   Orc:2 [([!=

Annotations:
D:9 2 runed translucent doors, exclusions: door and 2 more exclusions
D:10 Sonja
Lair:4 1 runed translucent door
Spider:2 Donald


Innate Abilities, Weirdness & Mutations

You have a pair of horns on your head.
You reflexively headbutt those who attack you in melee.


Message History

You block the redback's attack.
The redback bites you but does no damage.
You barely miss the redback.
You headbutt the redback, but do no damage.
The redback bites you but does no damage.
You slice the redback!! Lightning courses through the redback!
You kill the redback!
Okawaru accepts your kill.
No target in view!
You see here a +0 robe.
You see here a +0 robe.
Donald the Adventurer comes into view.
He is wielding a +1 demon trident of freezing and wearing a +5 plate armour of ponderousness.
Donald shouts!
Donald drinks a potion.
Donald flickers and vanishes!
Deactivating autopickup; reactivate with Ctrl-A.
You slice something!! Your headbutt misses something.
Something hits you but does no damage. Something blocks your attack. x2
You hear some strange, mumbled words.
Something blocks your attack.
You hear some strange, mumbled words.
You cut something into ribbons!!! You headbutt something.
You block something's attack.
You hit something but do no damage. Lightning courses through something!
You block something's attack.
Something blocks your attack. x2; Something hits you!!
You hit something but do no damage. Something hits you!
Something blocks your attack. Something hits you. Something blocks your attack.
You block something's attack. Something hits you but does no damage.
Something blocks your attack. Something hits you!! Something freezes you.
You slash something! Your headbutt misses something. Something hits you!!!
Something freezes you. Something blocks your attack. Something hits you!
* * * LOW HITPOINT WARNING * * *
As you read the scroll of teleportation, it crumbles to dust.
You feel strangely unstable. Something hits you!
* * * LOW HITPOINT WARNING * * *
Something hits you!!
You die...

#....##.##....#.......#.
#..###.#.#.#..#^.:.....#
##.#.......#..#.........
#.###..^###......^.....
#.........#............
#.#.#.#.#.#........^..#
#..#####.#...#.......##
#.^.#####...###......#
#.....@.....# ####...#
#######{....# #..##
##...(.### #..# #..##..#
#..# .{....####.##
##..## ....## ###
####....## ...
###......... ..
###........... .
##.............


There were no monsters in sight!

Vanquished Creatures
  Arachne (Spider:2)
  Gastronok (D:9)
  2 orc warlords
  An emperor scorpion (Spider:2)
  A broodmother (Spider:1)
  Azrael (Spider:2)
  A spark wasp (Spider:2)
  A fire dragon (Lair:5)
  Fannar (Orc:1)
  7 hydras
  A jorogumo (Spider:2)
  A radroach (Spider:2)
  6 death yaks (Lair:4)
  An orc high priest (Orc:2)
  2 skysharks
  4 pharaoh ants
  An orb spider (Spider:2)
  3 orc knights
  A bog body (IceCv)
  A lindwurm (Lair:5)
  A necromancer (IceCv)
  8 wolf spiders
  A cyclops (D:8)
  4 orc sorcerers (Orc:2)
  A manticore (D:10)
  9 demonic crawlers
  2 ice statues (IceCv)
  11 elephants
  A moth of wrath (Spider:2)
  7 cane toads
  3 molten gargoyles (Lair:5)
  3 black mambas
  5 torpor snails
  11 komodo dragons
  A rime drake (Lair:3)
  2 anaconda simulacra (IceCv)
  A kobold demonologist (D:10)
  5 ice devils (IceCv)
  4 trolls
  A polar bear (Lair:2)
  16 tarantellas
  13 blink frogs
  2 hornets
  12 dream sheep (Lair:5)
  17 jumping spiders
  11 culicivoras
  4 dire elephant simulacra (IceCv)
  7 basilisks
  4 fire bats (D:9)
  24 yaks
  5 wyverns
  14 redbacks
  8 steam dragons
  Menkaure (D:4)
  Edmund (D:4)
  2 fire elementals (Spider:2)
  A harpy simulacrum (IceCv)
  7 hell hounds
  5 wargs
  3 hydra simulacra (IceCv)
  12 water moccasins
  41 orc warriors
  3 ice beasts (D:8)
  4 ogres
  5 wolves (Lair:3)
  2 centaurs
  A phantom (D:5)
  7 kobold brigands (Bailey)
  6 bullfrogs
  A cane toad simulacrum (IceCv)
  4 scorpions
  9 killer bees
  2 howler monkeys (D:10)
  3 electric eels (Lair:3)
  4 lava snakes (Lair:5)
  A crimson imp (Spider:1)
  A jelly (D:7)
  A gnoll bouda (D:8)
  3 hounds
  12 orc priests
  Terence (D:3)
  4 iguanas
  6 hell rats (Lair:1)
  19 orc wizards
  A polar bear simulacrum (IceCv)
  A wolf simulacrum (IceCv)
  5 adders
  12 gnolls
  2 shadow imps
  A white imp (D:8)
  5 ufetubi
  3 worms
  6 dart slugs
  100 orcs
  6 bats
  5 endoplasms
  2 giant cockroaches
  9 goblins
  10 hobgoblins
  4 jackals (D:1)
  6 quokkas
  5 ball pythons
  3 frilled lizards
  12 kobolds
  8 rats
  A fire vortex (D:9)
635 creatures vanquished.

Vanquished Creatures (others)
  An orc wizard (Orc:2)
  A fire vortex (D:9)
2 creatures vanquished.

Grand Total: 637 creatures vanquished

Notes
Turn   | Place    | Note
-------+----------+-------------------------------------------
     0 | D:1      | slobbisto the Minotaur Fighter began the quest for the Orb.
     0 | D:1      | Reached XP level 1. HP: 19/19 MP: 0/0
    86 | D:1      | Reached XP level 2. HP: 24/27 MP: 1/1
   546 | D:1      | Reached skill level 3 in Axes
   553 | D:1      | Reached XP level 3. HP: 31/33 MP: 2/2
  1090 | D:2      | Reached XP level 4. HP: 29/40 MP: 3/3
  1467 | D:2      | Reached XP level 5. HP: 47/47 MP: 4/4
  1598 | D:2      | Identified the +6 rapier of Havoc {flame, rF+ Dex+4 SInv
                  | Stlth+}
  1837 | D:3      | Reached skill level 4 in Axes
  2260 | D:3      | Noticed Terence
  2266 | D:3      | Killed Terence
  2387 | D:3      | Reached skill level 5 in Armour
  2414 | D:3      | Found a burning altar of Makhleb.
  2480 | D:3      | Reached skill level 5 in Shields
  2620 | D:4      | Noticed Menkaure
  2645 | D:4      | Found a broken altar of Ashenzari.
  2660 | D:4      | Reached skill level 5 in Fighting
  2707 | D:4      | Noticed Edmund
  2721 | D:5      | Entered Level 5 of the Dungeon
  2749 | D:5      | Reached XP level 6. HP: 17/56 MP: 5/5
  2972 | D:5      | Found Oschoell's General Store.
  2977 | D:5      | Bought a scroll of identify for 20 gold pieces
  2977 | D:5      | Bought a scroll of teleportation for 30 gold pieces
  3074 | D:5      | Found an opulent altar of Gozag.
  3093 | D:5      | Reached skill level 5 in Axes
  3148 | D:5      | Found a sparkling altar of Nemelex Xobeh.
  3220 | D:5      | Found a shimmering blue altar of Sif Muna.
  3231 | D:5      | Identified the +9 sling of the King {heavy, Int+8}
  3532 | D:5      | Found a bloodstained altar of Trog.
  3749 | D:5      | Reached XP level 7. HP: 59/61 MP: 6/6
  3893 | D:6      | Found a shadowy altar of Dithmenos.
  3948 | D:6      | Noticed a steam dragon
  4062 | D:4      | Killed Edmund
  4063 | D:4      | Reached skill level 6 in Axes
  4192 | D:4      | Found a hazy altar of Hepliaklqana.
  4338 | D:4      | Killed Menkaure
  4346 | D:4      | Found an ancient bone altar of Kikubaaqudgha.
  4980 | D:6      | Found a staircase to the Ecumenical Temple.
  4987 | Temple   | Entered the Ecumenical Temple
  5221 | Temple   | Became a worshipper of Warmaster Okawaru
  5389 | D:6      | Killed a steam dragon
  5390 | D:6      | Reached skill level 7 in Axes
  5390 | D:6      | Reached XP level 8. HP: 33/70 MP: 7/7
  5733 | D:7      | Reached skill level 8 in Axes
  5902 | D:7      | Noticed a hornet
  5912 | D:7      | Killed a hornet
  5912 | D:7      | Reached * piety under Okawaru
  6124 | D:7      | Identified the +5 scale mail of the Moon Troll {Str+3}
  6285 | D:7      | Reached skill level 9 in Axes
  6285 | D:7      | Reached XP level 9. HP: 59/79 MP: 8/8
  6445 | D:7      | Found Fuyrueq's Distillery.
  6459 | D:7      | Found an ornate altar of the Wu Jian Council.
  6817 | D:8      | Reached ** piety under Okawaru
  7078 | D:8      | Found a flagged portal.
  7097 | Bailey   | Entered a bailey
  7127 | Bailey   | Reached skill level 10 in Axes
  7230 | Bailey   | Noticed an orc knight
  7244 | Bailey   | Killed an orc knight
  7245 | Bailey   | Reached skill level 1 in Invocations
  7315 | Bailey   | Identified the +0 plate armour "Mibb" {rN+ Str+2 Dex-5}
  7511 | Bailey   | Identified the ring of Yfetis {rC++ rN+ Int+3}
  7515 | Bailey   | Reached *** piety under Okawaru
  7520 | Bailey   | Reached XP level 10. HP: 83/90 MP: 10/10
  7580 | Bailey   | Found a burning altar of Makhleb.
  7693 | D:8      | Noticed a cyclops
  7706 | D:8      | Killed a cyclops
  7707 | D:8      | Reached skill level 11 in Axes
  8162 | D:9      | Reached **** piety under Okawaru
  8379 | D:9      | Noticed Gastronok
  8442 | D:9      | Found a large runed translucent door.
  8443 | D:9      | Found a large runed translucent door.
  8513 | D:9      | Found a staircase to the Orcish Mines.
  8598 | D:9      | Found a staircase to the Lair.
  8711 | D:10     | Entered Level 10 of the Dungeon
  8722 | D:9      | Reached skill level 12 in Axes
  8855 | D:10     | Reached ***** piety under Okawaru
  9002 | D:10     | Received a gift from Okawaru
  9086 | D:10     | Noticed Sonja
  9318 | D:10     | Reached XP level 11. HP: 93/97 MP: 13/13
  9853 | D:9      | Killed Gastronok
  9854 | D:9      | Reached skill level 1 in Throwing
  9971 | D:9      | Reached skill level 10 in Armour
  9981 | D:9      | Reached skill level 10 in Fighting
  9981 | D:9      | Reached skill level 10 in Shields
  9990 | D:9      | Reached skill level 13 in Axes
 10542 | Lair:1   | Entered Level 1 of the Lair of Beasts
 10864 | Lair:1   | Received a gift from Okawaru
 10993 | Lair:1   | Reached skill level 5 in Invocations
 12134 | Lair:2   | Reached XP level 12. HP: 87/108 MP: 12/15
 12149 | Lair:2   | Reached skill level 14 in Axes
 12381 | Lair:2   | Found a frozen archway.
 12392 | IceCv    | Entered an ice cave
 13273 | IceCv    | Received a gift from Okawaru
 13460 | Lair:2   | Found a staircase to the Shoals.
 13748 | Lair:2   | Found a hole to the Spider Nest.
 13760 | Lair:2   | Noticed a four-headed hydra
 13922 | Lair:3   | Reached skill level 15 in Axes
 14250 | Lair:3   | Reached skill level 5 in Throwing
 14362 | Lair:3   | Noticed a four-headed hydra
 14418 | Lair:4   | Received a gift from Okawaru
 14476 | Lair:4   | Noticed an eight-headed hydra
 14502 | Lair:3   | Killed a four-headed hydra
 14731 | Lair:3   | Reached XP level 13. HP: 100/117 MP: 17/17
 15621 | Lair:4   | Found a runed translucent door.
 16051 | Lair:4   | Reached skill level 16 in Axes
 16052 | Lair:4   | Reached ****** piety under Okawaru
 16052 | Lair:4   | Identified the +0 plate armour "Realed" {rPois Slay+2}
                  | (Okawaru gifted it to you on level 4 of the Lair of Beasts)
 16052 | Lair:4   | Received a gift from Okawaru
 16506 | Lair:4   | Found a viscous altar of Jiyva.
 16506 | Lair:4   | Noticed an acid blob
 16508 | Lair:4   | Found a staircase to the Slime Pits.
 16508 | Lair:4   | Noticed an acid blob
 16540 | Lair:5   | Entered Level 5 of the Lair of Beasts
 16552 | Lair:5   | Found a sacrificial altar of Ru.
 17627 | Lair:5   | Found a snail-covered altar of Cheibriados.
 18070 | Lair:5   | Received a gift from Okawaru
 18071 | Lair:5   | Reached skill level 17 in Axes
 18090 | Lair:5   | Reached XP level 14. HP: 75/127 MP: 19/19
 18444 | Lair:5   | Found a large runed translucent door.
 18520 | Lair:5   | Found a large runed translucent door.
 18529 | Lair:5   | Received a gift from Okawaru
 18564 | Lair:5   | HP: 4/127 [molten gargoyle/+0 dire flail (8)]
 19285 | Orc:1    | Entered Level 1 of the Orcish Mines
 19293 | Orc:1    | You fall into a shaft and drop 1 floor!
 19293 | Orc:2    | Entered Level 2 of the Orcish Mines
 19444 | Orc:2    | Found a staircase to the Elven Halls.
 19500 | Orc:2    | Found Laopsaxe's Antique Armour Emporium.
 19677 | Orc:1    | Noticed an orc warlord
 19775 | Orc:1    | Noticed Fannar
 19786 | Orc:1    | Killed Fannar
 19966 | Orc:1    | Found Vic Bikkiuxt's Magic Scroll Emporium.
 20142 | Orc:1    | Killed an orc warlord
 20646 | Orc:2    | Found Fasa's Distillery.
 20673 | Orc:2    | Bought a potion of heal wounds for 70 gold pieces
 20837 | Orc:2    | Noticed an orc warlord
 20853 | Orc:2    | Killed an orc warlord
 21113 | Orc:2    | Found Terippat's Antique Weapon Shoppe.
 21120 | Orc:2    | Found Zoaf's Antique Armour Emporium.
 21133 | Orc:2    | Bought a pair of heavily runed boots for 285 gold pieces
 21133 | Orc:2    | Identified the +1 pair of boots "Duifiuf" {rPois rC+} (You
                  | bought it in a shop on level 2 of the Orcish Mines)
 21200 | Orc:2    | Found Zuujach's Jewellery Emporium.
 21213 | Orc:2    | Reached skill level 18 in Axes
 21434 | Spider:1 | Entered Level 1 of the Spider Nest
 21631 | Spider:1 | Noticed a broodmother
 21646 | Spider:1 | Killed a broodmother
 21646 | Spider:1 | Received a gift from Okawaru
 22005 | Spider:1 | Received a gift from Okawaru
 22236 | Spider:1 | Identified the +0 pair of boots "Jaentay" {rF+ rC+}
                  | (Okawaru gifted it to you on level 1 of the Spider Nest)
 22236 | Spider:1 | Received a gift from Okawaru
 23246 | Spider:2 | Noticed Arachne
 23265 | Spider:2 | Killed Arachne
 23581 | Spider:2 | Noticed an emperor scorpion
 23598 | Spider:2 | Killed an emperor scorpion
 23669 | Spider:2 | Reached XP level 15. HP: 22/139 MP: 20/20
 24299 | Spider:2 | Noticed Azrael
 24320 | Spider:2 | Killed Azrael
 24670 | Spider:2 | Reached skill level 15 in Fighting
 24670 | Spider:2 | Reached skill level 15 in Armour
 24862 | Spider:2 | Identified the +4 ring mail of Snakes and Ladders {Rampage
                  | rElec rCorr Dex+3} (Okawaru gifted it to you on level 2 of
                  | the Spider Nest)
 24862 | Spider:2 | Received a gift from Okawaru
 24950 | Spider:2 | Reached skill level 15 in Shields
 25148 | Spider:2 | Noticed Donald
 25170 | Spider:2 | Mangled by Donald

Illustrated notes

Levels and vault maps discovered:
D:1:      dpeg_arrival_shrine, layout_basic, st_stairs_10, minmay_hedge_maze,
          minmay_misc_feat_ornament, serial_bayou_pond_e
D:2:      layout_loops_cross
D:3:      layout_loops_corners, bloody_makhleb, chequers_hall_statues_wall_a,
          uniq_terence
D:4:      layout_rooms, nzn_hepliaklqana_mist_gate, ashenzari_altar_1,
          kiku_gazebo_pond_becter, grunt_ministairs_3, uniq_menkaure,
          uniq_edmund
D:5:      layout_loops_corners, nemelex_diamond_rough_becter,
          mainiacjoe_overflow_boulevard, lightli_temple_of_fire,
          mainiacjoe_overflow_brackets, serial_shops, shop
D:6:      layout_gridville, kennysheep_mini_moat, minmay_temple_entry_junction
D:7:      layout_gridville, mainiacjoe_overflow_small_starburst, serial_shops,
          shop, hangedman_abyss_or_decor_stabs, minmay_tree_intersection,
          hangedman_abyss_or_decor_jellyfish_corner, grunt_ministairs_9
D:8:      layout_loops_ring, enter_bailey_3, minmay_crossroads
D:9:      layout_gridville, jmf_multi_god_temple2, lair_entry_dummy,
          minmay_orc_entry_temple_small, kb_lookout_dungeons_type,
          hangedman_incinerator, uniq_gastronok
D:10:     layout_roguey [special_room_orc], chequers_serial_rivers_large_b,
          grunt_ministairs_10, uniq_joseph, uniq_sonja
Temple:   dpeg_chambers_temple
Lair:1:   layout_hall_layers
Lair:2:   layout_cave_pods, shoals_dummy_entry, spider_nest_entry_a,
          portal_ice_cave_entry_pillars_1
Lair:3:   layout_gridlike, serial_bayou_lagoon_b
Lair:4:   layout_gridlike, slime_entry_2
Lair:5:   cheibrodos_lair_end_hotspot, layout_small_grid, basic_altar,
          kennysheep_snail_temple, lemuel_fruit_tree
Spider:1: layout_chambers, nicolae_crawler_farm
Spider:2: layout_cave_pods, nicolae_spider_some_kinda_spiderbox, uniq_azrael,
          uniq_arachne, uniq_donald
Orc:1:    layout_caves, serial_shops, nicolae_shop_hallway_plus, uniq_fannar
Orc:2:    grunt_orc_community_town_hall, layout_caves,
          grunt_orc_community_big_house_1, grunt_orc_community_big_house_1,
          grunt_orc_community_house_1, grunt_orc_community_house_1,
          grunt_orc_community_house_3, grunt_orc_community_house_2,
          serial_shops, nicolae_shop_tiny_statue_garden

Skill      XL: |  1  2  3  4  5  6  7  8  9 10 11 12 13 14 15 |
---------------+----------------------------------------------+-----
Armour         | 4 5 6 7 8 9 10 11 12 14 15 | 15.0
Fighting       | 4 5 6 7 8 9 10 11 12 14 15 | 15.0
Shields        | 4 5 6 7 8 9 10 11 12 14 15 | 15.0
Axes           | 3 4 5 7 9 10 12 13 15 17 18 | 18.0
Invocations    | 1 4 5 6 8 |  8.1
Throwing       | 3 5 |  5.1

Action                     |  1- 3 |  4- 6 |  7- 9 | 10-12 | 13-15 || total
---------------------------+-------+-------+-------+-------+-------++-------
  Melee: War axe           |    60 |   127 |   235 |   615 |       ||  1037
         Headbutt          |     5 |    29 |    52 |   159 |   175 ||   420
         Broad axe         |       |       |       |    85 |   760 ||   845
         Flail             |       |       |       |     7 |    23 ||    30
  Throw: Dart              |       |     3 |     9 |     2 |     2 ||    16
 Invoke: Heroism           |       |       |     1 |     5 |    10 ||    16
         Finesse           |       |       |       |       |     1 ||     1
    Use: Scroll            |       |     3 |     4 |    10 |     6 ||    23
         Potion            |       |       |       |       |     2 ||     2
   Stab: Distracted        |       |       |       |       |     1 ||     1
 Armour: Scale mail        |    36 |    51 |     2 |       |       ||    89
         Chain mail        |       |       |    98 |   311 |    43 ||   452
         Plate armour      |       |       |       |       |   372 ||   372
  Dodge: Dodged            |    40 |    54 |    78 |   224 |   186 ||   582
  Block: Buckler           |    16 |    32 |    74 |   117 |       ||   239
         Kite shield       |       |       |       |    43 |   462 ||   505
